 Dungeon Crawl Stone Soup version 0.29.1-13-g9f3cf754e1 (webtiles) character file.

Game seed: 17761955018805547914

6228 protoss039 the Digger (level 10, -4/79 HPs)
             Began as a Demonspawn Earth Elementalist on Feb 11, 2023.
             Was an Initiate of Vehumet.
             Slain by a yak (12 damage)
             ... on level 9 of the Dungeon.
             The game lasted 00:24:19 (13581 turns).

protoss039 the Digger (DsEE)                       Turns: 13581, Time: 00:24:20

Health: -4/79      AC: 17    Str:  8    XL:     10   Next: 61%
Magic:  20/20      EV:  7    Int: 27    God:    Vehumet [......]
Gold:   27         SH:  0    Dex: 14    Spells: 16/22 levels left

rFire   . . .      SeeInvis .   s - +2 dagger (venom)
rCold   . . .      Faith    .   (no shield)
rNeg    . . .      Spirit   .   p - +3 chain mail
rPois   .          Reflect  .   (no helmet)
rElec   .          Harm     .   A - +0 cloak
rCorr   .          Rampage  .   v - +0 pair of gloves
Will    +....                   o - +0 pair of boots
Stlth   ..........              (no amulet)
HPRegen 0.23/turn               h - +6 ring of intelligence
MPRegen 0.17/turn               x - ring of willpower

@: no status effects
A: claws 2, repulsion field 2, ignite blood 1, spiny 1
a: Renounce Religion


You were on level 9 of the Dungeon.
You worshipped Vehumet.
Vehumet was noncommittal.
You visited 2 branches of the dungeon, and saw 10 of its levels.

You collected 241 gold pieces.
You spent 214 gold pieces at shops.

Inventory:

Hand Weapons
 m - a +0 dagger of protection
 s - a +2 dagger of venom (weapon)
 D - a +1 falchion of draining
Armour
 o - a +0 pair of boots (worn)
 p - a +3 chain mail (worn)
 v - a +0 pair of gloves (worn)
 A - a +0 cloak (worn)
 F - the +4 leather armour of Freedom {*Slow rF++}
   (You found it on level 7 of the Dungeon)

   rF:        It greatly protects you from fire.
   *Slow:     It may slow you when you take damage.
Jewellery
 h - a +6 ring of intelligence (left hand)
 n - a ring of ice
 x - a ring of willpower (right hand)
 z - a ring of poison resistance
 E - a ring of flight
Wands
 t - a wand of roots (1)
 y - a wand of mindburst (12)
Scrolls
 c - 3 scrolls of teleportation
 d - a scroll of identify
 e - 2 scrolls of poison
 g - a scroll of enchant armour {unknown}
 j - 2 scrolls of enchant weapon {unknown}
 k - 2 scrolls of fear
 l - a scroll of immolation {unknown}
 q - 3 scrolls of blinking
 r - 6 scrolls of magic mapping
 u - 3 scrolls of torment
 w - a scroll of fog {unknown}
 I - a scroll of amnesia {unknown}
Potions
 a - a potion of invisibility {unknown}
 b - 2 potions of magic
 f - a potion of curing
 i - 2 potions of attraction {unknown}
 B - 2 potions of brilliance
 C - 2 potions of degeneration {unknown}
 G - a potion of berserk rage {unknown}
 H - a potion of mutation {unknown}
 J - 2 potions of flight


   Skills:
 + Level 7.0 Fighting
 + Level 6.0 Armour
 - Level 3.0 Dodging
 - Level 3.0 Stealth
 + Level 6.9 Spellcasting
 + Level 6.8 Conjurations
 - Level 1.0 Transmutations
 + Level 7.1 Earth Magic


You had 16 spell levels left.
You knew the following spells:

 Your Spells              Type           Power      Damage    Failure   Level
a - Sandblast             Erth           94%        2d19      30%         1
b - Passwall              Tmut/Erth      25%        N/A       86%         2
c - Stone Arrow           Conj/Erth      92%        3d12      69%         3

Your spell library contained the following spells:

 Spells                   Type           Power      Damage    Failure   Level
 Slow                     Hex            36%        N/A       99%         1
 Dazzling Flash           Conj/Hex       54%        N/A       99%         3
 Confusing Touch          Hex            9%         N/A       100%        3
 Frozen Ramparts          Ice            18%        1d3       100%        3
 Vampiric Draining        Necr           9%         2d6       100%        3
 Fulminant Prism          Conj/Hex       13%        3d9       100%        4
 Ice Form                 Ice/Tmut       12%        N/A       100%        4
 Iskenderun's Mystic Bla  Conj/Tloc      27%        2d7       100%        4
 Petrify                  Tmut/Erth      31%        N/A       100%        4
 Summon Ice Beast         Ice/Summ       9%         N/A       100%        4
 Lee's Rapid Deconstruct  Erth           23%        3d14*     100%        5
 Starburst                Conj/Fire      13%        6d6       100%        6


Dungeon Overview and Level Annotations

Branches:
Dungeon (9/15) Zot: 26283  Temple (1/1) D:4 Zot: 5885
   Lair: D:8-11         Orc: D:9-12

Altars:
Ashenzari
Cheibriados
Dithmenos
Fedhas
Gozag
Hepliaklqana
Kikubaaqudgha
Makhleb
Nemelex Xobeh
Okawaru
Qazlal
Ru
Sif Muna
Trog
Uskayaw
Vehumet
Wu Jian
Xom
Yredelemnul
Lugonu

Shops:
D:9 ![[?


Innate Abilities, Weirdness & Mutations

You have very sharp fingernails.
You are surrounded by a moderate repulsion field. (EV +3)
Your demonic aura sometimes causes spilled blood to erupt in flames.
You are partially covered in sharp spines.


Message History

You completely miss the yak. The yak gores you.
The yak is struck by your spines.
You kill the yak!
Vehumet accepts your kill.
Your Fighting skill increases to level 7!
You hit the yak.
The yak is poisoned.
The yak is lightly wounded.
Unknown command.
You hit the yak.
The yak is poisoned.
The yak is lightly wounded.
The yak is struck by your spines. The yak gores you!
* * * LOW HITPOINT WARNING * * *
The yak is struck by your spines. The yak barely misses you.
Unknown command.
You hit the yak.
The yak looks as sick as possible!
The yak is moderately wounded.
The yak gores you.
* * * LOW HITPOINT WARNING * * *
The yak is engulfed in blazing flames.
The yak gores you but does no damage.
Unknown command.
You hit the yak.
The yak looks even sicker.
The yak is moderately wounded.
The yak is engulfed in blazing flames.
You kill the yak!
Vehumet accepts your kill. The yak barely misses you.
Unknown command.
You hit the yak.
The yak looks as sick as possible!
The yak is moderately wounded.
The yak is struck by your spines. The yak barely misses you.
You hit the yak.
The yak looks as sick as possible!
You punch the yak.
The yak is heavily wounded.
The yak is struck by your spines. The yak gores you!
* * * LOW HITPOINT WARNING * * *
You close the door, pushing everything out of the way.
The yak is struck by your spines. The yak gores you but does no damage.
You hit the yak but do no damage.
The yak looks as sick as possible!
The yak is severely wounded.
The yak gores you!
You die...

##.....#
#...!..#......#
#[.....#......#
#......+......#
#......#......#
#......#..Y...#
#......#......#
#.....@#......# ..
#.....Y+......#....#
#......####...#....#
##........#####....#
#......[).........#
#####..........)..#
#.............#
#..............
#...###'####+##


You could see a yak (extremely poisoned).

Vanquished Creatures
  Pikel (D:8)
  A troll (D:9)
  A wraith (D:9)
  9 yaks
  2 steam dragons
  A water moccasin (D:7)
  3 black bears
  2 ogres
  5 centaurs
  A lemure (D:8)
  3 kobold brigands
  Blork the orc (D:4)
  6 bullfrogs
  3 necrophages (D:5)
  3 scorpions
  13 wights
  8 killer bees (D:7)
  A crimson imp (D:6)
  2 jellies
  A gnoll bouda (D:7)
  2 orc priests
  5 hounds
  Ijyb (D:3)
  7 orc wizards
  3 iguanas
  6 gnolls
  6 adders
  A white imp (D:4)
  An ufetubus (D:5)
  2 worms
  A dart slug (D:2)
  18 orcs
  5 bats
  3 bat zombies (D:4)
  5 endoplasms
  4 giant cockroaches
  2 goblins
  4 hobgoblins
  9 jackals
  16 kobolds
  4 quokkas
  2 ball pythons
  2 frilled lizards (D:1)
  A goblin zombie (D:4)
  A kobold skeleton (D:4)
  2 orc skeletons (D:4)
  An orc zombie (D:4)
  5 rats
186 creatures vanquished.

Notes
Turn   | Place    | Note
-------+----------+-------------------------------------------
     0 | D:1      | protoss039 the Demonspawn Earth Elementalist began the
                  | quest for the Orb.
     0 | D:1      | Reached XP level 1. HP: 13/13 MP: 3/3
   174 | D:1      | Found a faded altar of an unknown god.
   614 | D:1      | Gained mutation: You have sharp fingernails. [demonic
                  | ancestry]
   614 | D:1      | Reached XP level 2. HP: 18/20 MP: 1/5
   971 | D:1      | Learned a level 2 spell: Passwall
  1139 | D:2      | Reached skill level 1 in Fighting
  1416 | D:2      | Reached XP level 3. HP: 26/26 MP: 0/6
  2207 | D:2      | Learned a level 3 spell: Stone Arrow
  3092 | D:4      | Noticed Ijyb
  3092 | D:4      | Noticed a scorpion
  3109 | D:3      | Killed Ijyb
  3110 | D:3      | Reached skill level 1 in Transmutations
  3110 | D:3      | Reached XP level 4. HP: 5/33 MP: 8/8
  3383 | D:3      | Killed a scorpion
  3384 | D:3      | Reached skill level 1 in Conjurations
  3384 | D:3      | Gained mutation: You have very sharp fingernails. [demonic
                  | ancestry]
  3384 | D:3      | Reached XP level 5. HP: 33/38 MP: 9/9
  3491 | D:4      | Reached skill level 1 in Armour
  3671 | D:4      | Reached XP level 6. HP: 27/44 MP: 10/10
  3858 | D:4      | Found an ornate altar of the Wu Jian Council.
  3916 | D:4      | Found an iron altar of Okawaru.
  4016 | D:4      | Found an ancient bone altar of Kikubaaqudgha.
  4087 | D:4      | Found a sacrificial altar of Ru.
  4094 | D:4      | Noticed Blork the orc
  4115 | D:4      | Killed Blork the orc
  4357 | D:4      | Found a staircase to the Ecumenical Temple.
  4443 | Temple   | Entered the Ecumenical Temple
  5039 | D:5      | Entered Level 5 of the Dungeon
  5273 | D:5      | Found a basalt altar of Yredelemnul.
  5297 | D:5      | Gained mutation: You are surrounded by a mild repulsion
                  | field. (EV +2) [demonic ancestry]
  5297 | D:5      | Reached XP level 7. HP: 36/51 MP: 12/12
  6911 | D:5      | Gained mutation: Your demonic aura sometimes causes spilled
                  | blood to erupt in flames. [demonic ancestry]
  6911 | D:5      | Reached XP level 8. HP: 15/56 MP: 14/14
  7291 | D:6      | Found a blossoming altar of Fedhas.
  7291 | D:6      | Found a hazy altar of Hepliaklqana.
  7291 | D:6      | Found a sparkling altar of Nemelex Xobeh.
  7433 | D:6      | Found a snail-covered altar of Cheibriados.
  7766 | D:6      | Reached skill level 5 in Earth Magic
  7783 | D:6      | Reached skill level 5 in Spellcasting
  8162 | D:5      | Gained mutation: You are partially covered in sharp spines.
                  | [demonic ancestry]
  8162 | D:5      | Reached XP level 9. HP: 6/67 MP: 16/16
  8463 | D:5      | Reached skill level 5 in Fighting
  9075 | D:6      | Reached skill level 5 in Conjurations
  9141 | D:6      | HP: 1/56 [wight/+0 battleaxe (3)]
  9667 | D:6      | Found a shimmering altar of Xom.
  9667 | D:6      | Found a burning altar of Makhleb.
  9743 | D:7      | Identified the +4 leather armour of Freedom {*Slow rF++}
  9901 | D:7      | Reached skill level 5 in Armour
 10888 | D:7      | Gained mutation: You are surrounded by a moderate repulsion
                  | field. (EV +3) [demonic ancestry]
 10888 | D:7      | Reached XP level 10. HP: 76/76 MP: 19/19
 11309 | D:8      | Noticed Pikel
 11322 | D:8      | Killed Pikel
 12092 | D:8      | Identified the +1 robe of Nirghex {-Cast rF+++ rN+++ Will-}
 12698 | D:8      | Found a radiant altar of Vehumet.
 12832 | D:8      | Became a worshipper of Vehumet
 12918 | D:9      | Found Cics's Magic Scroll Shoppe.
 13014 | D:9      | Bought a scroll of identify for 28 gold pieces
 13014 | D:9      | Bought a scroll of magic mapping for 105 gold pieces
 13014 | D:9      | Bought a scroll of teleportation for 42 gold pieces
 13227 | D:9      | Found Cudgh's Antique Armour Boutique.
 13227 | D:9      | Found Ofawnuh's Magic Scroll Boutique.
 13231 | D:9      | Found Qeikkuok's Antique Armour Boutique.
 13232 | D:9      | Found Wofa's Distillery.
 13246 | D:9      | Bought a potion of flight for 39 gold pieces
 13581 | D:9      | Slain by a yak

Illustrated notes

Levels and vault maps discovered:
D:1:      zaba_arrival_water, layout_loops_ring,
          chequers_ecumenical_altar_simple_redux
D:2:      layout_basic
D:3:      layout_basic, kennysheep_pointless_box, serial_bayou_crossing
D:4:      layout_loops_ring, nicolae_tso_besieged_by_evil,
          nicolae_ru_great_annihilating_truth,
          lemuel_zombie_altar_kikubaaqudgha, okawaru_trees_1,
          nzn_wu_jian_council_hall, minmay_temple_entry_mini_moons,
          uniq_blork_the_orc, uniq_ijyb
D:5:      layout_rooms, mainiacjoe_overflow_alcove_4
D:6:      layout_cave_pools, grunt_temple_overflow_champion_of_chaos,
          mainiacjoe_overflow_alcove_3, gup_sewer_entry_spiral
D:7:      layout_layer_cave, eino_jars
D:8:      layout_loops_ring, lemuel_coloured_pillars_altar, uniq_pikel
D:9:      layout_irregular_city, serial_shops, shop_statue,
          minmay_shop_grid_forest
Temple:   kb_corrupted_temple

Skill      XL: |  1  2  3  4  5  6  7  8  9 10 |
---------------+-------------------------------+-----
Fighting       | 1 2 3 4 6 7 |  7.0
Earth Magic    | 3 4 5 6 7 |  7.1
Stealth        | 2 3 |  3.0
Transmutations | 1 |  1.0
Dodging        | 2 3 |  3.0
Conjurations   | 1 2 3 4 5 6 |  6.8
Armour         | 1 2 4 5 6 |  6.0
Spellcasting   | 3 4 5 6 |  6.9

Action                   |  1- 3 |  4- 6 |  7- 9 | 10-12 || total
-------------------------+-------+-------+-------+-------++-------
Melee: Unarmed           |    44 |       |       |       ||    44
       Punch             |     2 |       |    12 |     2 ||    16
       Dagger            |    78 |   174 |   395 |   130 ||   777
       Falchion          |       |       |       |    35 ||    35
 Cast: Sandblast         |    30 |       |       |       ||    30
Evoke: Wand              |       |       |     8 |     3 ||    11
  Use: Scroll            |     4 |       |     5 |     6 ||    15
       Potion            |     1 |       |     5 |       ||     6
 Stab: Sleeping          |     3 |       |       |       ||     3
       Paralysed         |       |     1 |       |       ||     1
Armor: Robe              |    21 |       |       |       ||    21
       Chain mail        |    51 |   173 |   397 |   157 ||   778
Dodge: Dodged            |    64 |    31 |   136 |    65 ||   296
